Map: Dreamcatcher LE

Players

Rakeťák

  • Race: Terran Terran
  • League: Gold
  • Spawn Location: 5:00

Root - Winner!

  • Race: Protoss Protoss
  • League: Platinum
  • Spawn Location: 11:00

VOD

Have the link to the VOD?

Description

Time

  • Played on: July 26, 2018, 10:37 a.m.
  • Length: 16:19
Show
View Real Time Build Order
Export as new Build Order

Rakeťák Terran 

Build Orders: Cyclone Opening, Mech 

Get SALT Encoding   

  12  0:00  SCV  
  13  0:15  Supply Depot  
  13  0:17  SCV  
  14  0:29  SCV  
  15  0:38  Barracks  
  15  0:41  SCV  
  16  0:46  Refinery  
  16  0:53  SCV  
  17  0:58  Refinery  
  17  1:05  SCV  
  18  1:18  SCV  
  19  1:25  Supply Depot  
  19  1:29  Marine  
  19  1:30  SCV  
  21  1:42  SCV  
  21  1:46  Factory  
  22  1:47  Marine  
  23  1:54  SCV  
  24  2:05  Marine  
  24  2:06  SCV  
  26  2:18  SCV  
  27  2:23  Marine  
  28  2:30  SCV  
  28  2:35  Supply Depot  
  29  2:40  Marine  
  30  2:56  Cyclone  
  30  2:57  Supply Depot  
  33  2:59  Supply Depot  
  33  3:11  SCV  
  34  3:23  SCV  
  34  3:24  Barracks Tech Lab  
  35  3:28  Cyclone  
  38  3:42  Supply Depot  
  38  3:44  Marine  
  39  4:01  Cyclone  
  39  4:02  Marine  
  43  4:06  Supply Depot  
  40  4:19  Marine  
  33  4:33  Cyclone  
  33  4:37  Marine  
  37  4:43  Starport  
  37  4:46  SCV  
  37  4:47  Starport  
  38  4:55  Marine  
  38  4:59  SCV  
  40  5:05  Cyclone  
  43  5:11  SCV  
  43  5:13  Marine  
  45  5:29  Factory  
  45  5:31  Marine  
  45  5:32  Factory  
  45  5:33  Starport Tech Lab  
  46  5:39  Starport Tech Lab  
  46  5:42  Factory Tech Lab  
  46  5:48  Command Center, Marine  
  47  6:06  Marine  
  48  6:21  Barracks, Factory Tech Lab x2  
  48  6:24  Marine  
  49  6:25  Siege Tank  
  52  6:42  Marine  
  53  6:49  Stimpack  
  53  6:51  Siege Tank  
  53  7:00  Marine  
  54  7:11  Barracks  
  51  7:17  Marine  
  41  7:30  SCV  
  41  7:31  Siege Tank  
  41  7:32  Siege Tank x2  
  41  7:35  Marine, Cloaking Field  
  52  7:42  SCV  
  53  7:53  Marine  
  53  7:54  SCV  
  55  8:00  Orbital Command  
  55  8:03  Refinery  
  55  8:04  Siege Tank  
  58  8:07  SCV  
  58  8:08  Refinery  
  59  8:13  Barracks Reactor x2  
  59  8:14  Marine  
  59  8:19  SCV  
  61  8:31  Siege Tank, SCV  
  61  8:32  Marine  
  66  8:46  SCV  
  66  8:47  SCV  
  68  8:50  Marine  
  69  8:58  SCV  
  69  8:59  SCV  
  71  9:06  Marine  
  71  9:07  Marine x3  
  71  9:08  Marine  
  76  9:10  SCV  
  76  9:23  SCV  
  77  9:24  Marine x4  
  77  9:26  Marine  
  77  9:27  Banshee  
  85  9:35  SCV  
  86  9:50  Supply Depot  
  86  10:10  Supply Depot  
  86  10:11  Medivac x2, Marine x2  
  86  10:13  Supply Depot  
  92  10:32  Command Center  
  92  10:33  Supply Depot, Marine  
  92  10:34  Marine x2  
  95  10:37  Supply Depot  
  95  10:40  Siege Tank  
  98  10:59  Supply Depot  
  86  11:20  Siege Tank x3  
  89  11:52  Siege Tank x3  
  98  11:54  Marine  
  98  11:55  Marine x4  
  98  11:59  SCV  
  103  12:12  Marine, SCV  
  103  12:13  Marine x4  
  79  12:24  Siege Tank x3, SCV  
  89  12:30  Marine x2  
  80  12:45  Marine x2  
  80  12:46  Marine  
  80  12:48  SCV, Marine x2  
  86  12:56  Siege Tank x2  
  92  13:00  SCV  
  92  13:03  Marine x2  
  95  13:07  Marine x3  
  95  13:09  Medivac  
  100  13:21  Marine x2  
  100  13:22  Medivac  
  100  13:25  Marine x3  
  107  13:39  Medivac, Marine x2  
  111  13:42  Marine  
  111  13:43  Marine x2  
  106  14:09  Marine  
  107  14:10  Marine x4  
  96  14:27  Marine  
  96  14:28  Marine x4  
  80  14:45  Marine x5  
  85  14:54  Orbital Command  
  85  15:03  Marine x5  
  90  15:11  Command Center  
  59  15:30  Marine x4  
  32  15:48  Marine  
  32  15:50  Marine x2  
  32  15:51  Marine  
Show
View Real Time Build Order
Export as new Build Order

Root Protoss - Winner!

Build Orders: Oracle Opening 

Get SALT Encoding   

  12  0:01  Probe  
  13  0:15  Probe  
  13  0:17  Pylon  
  14  0:27  Probe  
  15  0:35  Probe  
  15  0:36  Gateway  
  16  0:45  Probe  
  17  0:52  Assimilator  
  17  0:57  Probe  
  18  1:04  Gateway  
  18  1:07  Assimilator  
  18  1:08  Probe  
  19  1:16  Probe  
  20  1:29  Probe, Cybernetics Core  
  21  1:36  Pylon  
  21  1:41  Probe  
  22  1:54  Probe  
  23  2:05  Warp Gate  
  23  2:12  Nexus  
  23  2:17  Sentry  
  25  2:23  Stalker  
  27  2:32  Pylon  
  27  2:35  Probe  
  28  2:44  Stalker  
  30  2:52  Stargate  
  30  3:08  Probe  
  31  3:14  Assimilator  
  31  3:18  Shield Battery  
  31  3:20  Probe  
  31  3:22  Twilight Council  
  31  3:26  Probe  
  32  3:27  Pylon  
  32  3:34  Probe x2  
  34  3:35  Oracle  
  38  3:55  Probe, Gateway  
  39  4:02  Assimilator  
  39  4:07  Probe  
  39  4:17  Blink  
  37  4:33  Probe  
  38  4:39  Probe, Shield Battery  
  38  4:41  Probe  
  38  4:44  Stalker x2  
  44  4:51  Probe x2  
  45  4:58  Stalker, Pylon  
  48  5:03  Probe  
  48  5:05  Probe  
  50  5:14  Probe  
  50  5:15  Probe  
  50  5:16  Stalker x2  
  56  5:22  Probe  
  56  5:23  Probe  
  58  5:31  Probe x2  
  58  5:32  Forge  
  58  5:35  Forge  
  60  5:38  Sentry  
  62  5:45  Probe  
  62  5:47  Probe  
  64  5:59  Probe  
  64  6:01  Stalker x2, Protoss Ground Armor Level 1  
  69  6:07  Pylon  
  69  6:09  Gateway  
  69  6:11  Gateway  
  69  6:12  Protoss Ground Weapons Level 1  
  68  6:29  Templar Archives  
  68  6:32  Probe  
  68  6:33  Stalker x2  
  68  6:34  Stalker  
  74  6:44  Probe  
  75  6:49  Pylon  
  75  6:55  Nexus  
  75  6:57  Stalker  
  77  7:02  Pylon  
  77  7:05  Psionic Storm  
  75  7:21  Stalker x3  
  77  7:33  Probe  
  78  7:41  Pylon  
  78  7:42  Probe  
  78  7:44  Pylon  
  78  7:45  Probe  
  78  7:47  Protoss Ground Armor Level 2  
  78  7:50  Probe  
  81  7:59  Gateway  
  81  8:00  Probe  
  81  8:01  Gateway  
  81  8:03  Stalker x3  
  88  8:10  Pylon  
  88  8:14  Robotics Facility  
  88  8:19  Charge  
  88  8:25  High Templar  
  90  8:27  High Templar  
  92  8:35  Probe  
  92  8:37  Assimilator  
  93  8:41  Assimilator  
  93  8:43  Shield Battery  
  93  8:44  Zealot  
  93  8:45  Zealot  
  93  8:46  Archon  
  93  8:47  Probe, Shield Battery  
  98  8:55  Photon Cannon  
  98  8:59  Probe  
  98  9:01  Immortal  
  99  9:08  High Templar  
  99  9:09  High Templar  
  103  9:11  Probe  
  108  9:21  Probe  
  109  9:29  Probe  
  109  9:30  Warp Prism  
  109  9:31  Protoss Ground Weapons Level 2  
  109  9:37  Probe  
  110  9:44  Pylon  
  113  9:46  Pylon  
  113  9:49  Probe  
  114  9:54  Gateway  
  114  9:56  Gateway  
  114  9:57  Zealot x2  
  114  9:58  Zealot x5  
  128  10:02  Probe  
  129  10:12  Immortal  
  129  10:14  Probe  
  134  10:19  High Templar x3  
  134  10:20  High Templar  
  134  10:21  High Templar x2  
  144  10:26  Probe  
  147  10:30  Pylon  
  147  10:32  Pylon  
  147  10:34  Pylon  
  147  10:36  Nexus  
  147  10:42  Protoss Shields Level 1  
  147  10:51  Gateway  
  147  10:53  Gateway  
  147  10:56  Zealot x3  
  147  11:09  High Templar x2  
  147  11:10  High Templar  
  141  11:13  Archon x2  
  139  11:18  Zealot x2  
  139  11:19  Zealot  
  143  11:30  High Templar  
  143  11:31  High Templar  
  139  11:45  Zealot x5  
  139  11:46  Zealot x2  
  149  11:48  Immortal  
  149  11:49  Probe  
  149  11:52  Pylon  
  150  11:55  Pylon  
  150  11:57  Probe  
  155  12:07  Probe  
  153  12:14  Assimilator  
  148  12:20  Assimilator  
  148  12:22  Archon  
  148  12:23  High Templar  
  148  12:24  Zealot x4  
  148  12:25  Zealot  
  148  12:27  Immortal  
  164  12:47  Protoss Ground Weapons Level 3  
  164  12:48  Protoss Ground Armor Level 3  
  164  12:51  High Templar, Zealot  
  166  12:52  Zealot x6  
  166  12:53  Zealot  
  182  13:03  Probe  
  182  13:04  Gateway  
  182  13:07  Gateway  
  182  13:10  Gateway  
  182  13:11  Probe  
  183  13:16  Pylon  
  183  13:17  Warp Prism  
  184  13:20  Pylon  
  184  13:21  Shield Battery  
  186  13:53  Immortal  
  188  13:58  Zealot  
  188  13:59  Zealot x5  
  200  14:04  Pylon  
  198  14:14  Zealot x3  
  181  14:30  Probe  
  176  14:38  Probe  
  176  14:40  Probe  
  178  14:48  Probe  
  179  14:53  Probe  
  179  14:55  Robotics Facility  
  179  14:57  Pylon  
  180  15:00  Probe  
  180  15:02  Assimilator  
  180  15:04  Pylon  
  180  15:05  Probe  
  180  15:06  Zealot x7  
  180  15:07  Shield Battery, Zealot x2  
  198  15:10  Shield Battery  
  198  15:13  Archon  
  198  15:28  Zealot  
  194  15:45  Pylon  
  194  15:52  High Templar  
  194  15:53  High Templar  
  194  15:55  Probe  
Tags
 
Add a new tag
Caveats
  • Supply blocks, unpowered buildings, or Contaminate may cause inaccurate times.
  • Supply counts are checked every 10 seconds.